 Dungeon Sprint DCSS version 0.23.2-11-gf996548c65 (webtiles) character file.

Game seed: 9209145085651532326

34822 wilfster70 the Sharpshooter (level 14, -3/124 (125) HPs)
             Began as a Formicid Hunter on June 5, 2019.
             Was the Champion of Qazlal.
             Splashed by an acid blob's acid (15 damage)
             ... in the Dungeon (Sprint V: "Ziggurat Sprint").
             The game lasted 00:11:31 (1231 turns).

wilfster70 the Sharpshooter (Formicid Hunter)       Turns: 1231, Time: 00:11:31

HP:   -3/124 (125)  AC: 17    Str: 23    XL:     14   Next: 15%
MP:   8/26          EV:  1    Int: 15    God:    Qazlal [******]
Gold: 0             SH: 38    Dex: 16    Spells: 13/13 levels left

rFire    + + .     SeeInvis +   b - +5 executioner's axe (freeze)
rCold    + + +     Gourm    .   m - +18 shield of the Gong {rElec rN+ MR+ EV-5}
rNeg     + + +     Faith    .   l - +5 gold dragon scales
rPois    +         Spirit   .   (helmet unavailable)
rElec    +         Reflect  .   F - +2 cloak of the Turtle {rN++ Str-4 Int+4}
rCorr    .         Harm     .   t - +2 pair of gloves {Dex+3}
MR       ++++.                  (no boots)
Stlth    ..........             z - amulet of Tempters {Inacc rC+ Int+4 Dex+2 Stlth-}
HPRegen  0.30/turn              D - +6 ring of strength
MPRegen  0.20/turn              A - ring of Sin {rF+ rC+ MR++ Int-5 SInv}

@: corroded, repel missiles
A: permanent stasis, dig shafts and tunnels, four strong arms, antennae 3
a: Dig, Upheaval, Elemental Force, Disaster Area, Renounce Religion


You were in the Dungeon.
You worshipped Qazlal.
Qazlal was exalted by your worship.
You were not hungry.

You visited 1 branch

Inventory:

Hand Weapons
 a - the +9 heavy crossbow "Sniper" {velocity, Acc+∞ SInv}
   (You found it in the Dungeon)

   Any bolt fired from it inflicts extra damage.
   It lets you see invisible.
 b - a +5 executioner's axe of freezing (weapon)
Missiles
 d - 3 bolts
Armour
 l - +5 gold dragon scales (worn)
 m - the +18 shield of the Gong (worn) {rElec rN+ MR+ EV-5}
   (You found it in the Dungeon)

   It affects your evasion (-5).
   It insulates you from electricity.
   It protects you from negative energy.
   It affects your resistance to hostile enchantments.
 t - a +2 pair of gloves of dexterity (worn)
 F - the +2 cloak of the Turtle (worn) {rN++ Str-4 Int+4}
   (You found it in the Dungeon)

   It affects your strength (-4).
   It affects your intelligence (+4).
   It greatly protects you from negative energy.
Jewellery
 z - the amulet of Tempters (around neck) {Inacc rC+ Int+4 Dex+2 Stlth-}
   (You found it in the Dungeon)

   [amulet of inaccuracy]

   It reduces the accuracy of all your attacks.
   It affects your intelligence (+4).
   It affects your dexterity (+2).
   It protects you from cold.
   It makes you less stealthy.
 A - the ring of Sin (right hand) {rF+ rC+ MR++ Int-5 SInv}
   (You found it in the Dungeon)

   [ring of protection from fire]

   It affects your intelligence (-5).
   It protects you from fire.
   It protects you from cold.
   It affects your resistance to hostile enchantments.
   It lets you see invisible.
 D - a +6 ring of strength (left hand)
Wands
 w - a wand of disintegration (7)
 x - a wand of iceblast (7)
 y - a wand of acid (7)
Scrolls
 h - 4 scrolls of amnesia
 j - 9 scrolls of fog
 k - a scroll of holy word
 n - 5 scrolls of identify
 o - 5 scrolls of remove curse
 p - 2 scrolls of fear
Potions
 e - 10 potions of curing
 g - 10 potions of heal wounds
 i - 7 potions of magic
 q - 2 potions of brilliance
 r - 2 potions of invisibility
 s - 4 potions of resistance
 u - 6 potions of agility
 v - 6 potions of might
Miscellaneous
 c - 3 boxes of beasts
 B - a phantom mirror
 E - a sack of spiders
Comestibles
 f - 8 rations


   Skills:
 + Level 16.1 Fighting
 + Level 10.3 Axes
 * Level 20.0 Crossbows
 + Level 16.0 Armour
 - Level 1.7 Dodging
 - Level 1.2 Stealth
 - Level 9.0 Shields
 + Level 17.2 Invocations
 - Level 10.0 Evocations


You had 13 spell levels left.
You didn't know any spells.
Your spell library contained the following spells:

 Spells                   Type           Power        Failure   Level  Hunger
 Beastly Appendage        Tmut           #.....       100%        1    ##.....
 Corona                   Hex            #......      100%        1    ##.....
 Freeze                   Ice            #...         100%        1    ##.....
 Infusion                 Chrm           #...         100%        1    ##.....
 Magic Dart               Conj           #...         100%        1    ##.....
 Pain                     Necr           #...         100%        1    ##.....
 Corpse Rot               Necr           N/A          100%        2    ###....
 Ensorcelled Hibernation  Hex/Ice        #.....       100%        2    ###....
 Passwall                 Tmut/Erth      #.......     100%        2    ###....
 Searing Ray              Conj           #.....       100%        2    ###....
 Shroud of Golubria       Chrm/Tloc      #.........   100%        2    ###....
 Song of Slaying          Chrm           #.......     100%        2    ###....
 Sticks to Snakes         Tmut           #.......     100%        2    ###....
 Sublimation of Blood     Necr           #.........   100%        2    ###....
 Swiftness                Chrm/Air       #.......     100%        2    ###....
 Throw Frost              Conj/Ice       #.....       100%        2    ###....
 Confuse                  Hex            #.......     100%        3    ####...
 Dazzling Spray           Conj/Hex       #.....       100%        3    ####...
 Ignite Poison            Fire/Tmut/Pois #.......     100%        3    ####...
 Ozocubu's Armour         Chrm/Ice       #.......     100%        3    ####...
 Portal Projectile        Hex/Tloc       #.....       100%        3    ####...
 Regeneration             Chrm/Necr      #.........   100%        3    ####...
 Spectral Weapon          Hex/Chrm       #.......     100%        3    ####...
 Spider Form              Tmut/Pois      #.........   100%        3    ####...
 Tukima's Dance           Hex            #.......     100%        3    ####...
 Cause Fear               Hex            #.........   100%        4    #####..
 Force Lance              Conj/Tloc      #.......     100%        4    #####..
 Fulminant Prism          Conj/Hex       #.........   100%        4    #####..
 Ice Form                 Ice/Tmut       #.......     100%        4    #####..
 Iskenderun's Mystic Bla  Conj           #.......     100%        4    #####..
 Leda's Liquefaction      Hex/Erth       #.........   100%        4    #####..
 Petrify                  Tmut/Erth      #.......     100%        4    #####..
 Summon Ice Beast         Ice/Summ       #.......     100%        4    #####..
 Throw Icicle             Conj/Ice       #.......     100%        4    #####..
 Agony                    Necr           #.......     100%        5    ######.
 Blade Hands              Tmut           #.........   100%        5    ######.
 Bolt of Draining         Conj/Necr      #.........   100%        5    ######.
 Bolt of Magma            Conj/Fire/Erth #.........   100%        5    ######.
 Dispel Undead            Necr           #.......     100%        5    ######.
 Excruciating Wounds      Chrm/Necr      #.........   100%        5    ######.
 Irradiate                Conj/Tmut      #.........   100%        5    ######.
 Iskenderun's Battlesphe  Conj/Chrm      #.......     100%        5    ######.
 Silence                  Hex/Air        #.........   100%        5    ######.
 Hydra Form               Tmut           #.........   100%        6    #######
 Iron Shot                Conj/Erth      #.........   100%        6    #######
 Statue Form              Tmut/Erth      #........    100%        6    #######
 Dragon Form              Tmut           #.........   100%        7    #######
 Shatter                  Erth           #.........   100%        9    #######


Dungeon Overview and Level Annotations

Branches:
Dungeon (1/1)

Altars:
Ashenzari
Cheibriados
Dithmenos
Elyvilon
Fedhas
Gozag
Hepliaklqana
Kikubaaqudgha
Makhleb
Nemelex Xobeh
Okawaru
Qazlal
Ru
Sif Muna
Trog
Uskayaw
Vehumet
Wu Jian
Xom
Yredelemnul
Zin
The Shining One
Beogh
Jiyva
Lugonu


Innate Abilities, Weirdness & Mutations

You cannot be hasted, slowed, berserked, paralysed or teleported.
You can dig through walls and to a lower floor.
Your four strong arms can wield two-handed weapons with a shield.
You have a pair of large antennae on your head. (SInv)


Message History

You block the death ooze's attack.
GONNNNG!
The slime creature hits you but does no damage.
The acid blob hits you!!
* * * LOW HITPOINT WARNING * * *
You are splashed with acid!
* * * LOW HITPOINT WARNING * * *
You block the death ooze's attack.
BOUMMMMG!
The death ooze hits you but does no damage.
Your gold dragon scales prevents you from hitting the acid blob.
The acid blob is almost dead.
You slash the slime creature! You freeze the slime creature.
You hit the death ooze. You block the slime creature's attack.
BONNNG!
The acid blob spits acid at you. The splash of acid hits you.
* * * LOW HITPOINT WARNING * * *
The acid corrodes you!
You are splashed with acid!
You die...

{ { { ▓.......[.
▓.........)...▓......[..
▓...(.≈(......▓.........
▓........(....▓..▓.....▓
▓.≈≈.(...≈....▓.▓▓▓...▓▓
▓.≈....(..≈≈..▓..▓.....▓
▓.....☼§......▓.....©...
▓..▓.☼JJJ≈.▓..▓▓▓▓▓▓▓▓▓▓
▓....°.@§.....▓....8©8..
▓.......☼.≈...▓....}.)[[
▓....°○○§.....▓...|}|)..
▓▓▓▓▓▓▓▓▓▓▓▓▓▓▓.........
▓.........


{{{{{{{{{{{ ▓......... {{{{{{{{{ ▓......... ▓..▓.....▓ ▓.▓▓▓...▓▓ You could see
an acid blob, a slime creature and a death ooze.

Vanquished Creatures
  An acid blob (D)
  3 storm dragons (D)
  2 ghouls (D)
  4 vampire knights (D)
  A death ooze (D)
  A yaktaur captain (D)
  A great orb of eyes (D)
  3 spriggan air magi (D)
  A vampire mage (D)
  A deep elf knight (D)
  2 soul eaters (D)
  A skeletal warrior (D)
  An unseen horror (shapeshifter) (D)
  7 necromancers (D)
  A lindwurm (D)
  2 shining eyes (D)
  2 ugly things (D)
  A cyclops (D)
  A vault sentinel (D)
  A guardian serpent (shapeshifter) (D)
  A black mamba (D)
  An eye of devastation (D)
  3 spiny frogs (D)
  2 spiny frogs (shapeshifter) (D)
  A freezing wraith (D)
  2 ice devils (D)
  A yaktaur (D)
  3 merfolk (D)
  A wind drake (D)
  7 slime creatures (D)
  A hippogriff (D)
  A vampire (D)
  2 air elementals (D)
  A wyvern (D)
  A neqoxec (D)
  A human (shapeshifter) (D)
  4 insubstantial wisps (D)
  A water moccasin (D)
  2 porcupines (D)
  2 ice beasts (D)
  A floating eye (D)
  A black bear (shapeshifter) (D)
  4 necrophages (D)
  A wolf (D)
  2 centaurs (D)
  5 phantoms (D)
  6 wights (D)
  3 quasits (D)
  An iron imp (D)
  3 jellies (D)
  An orc wizard (D)
  A shadow imp (D)
  5 white imps (D)
  2 oozes (D)
  An adder zombie (D)
  7 adder skeletons (D)
  An orc (D)
  5 bat skeletons (D)
  3 bat zombies (D)
  A ball python skeleton (D)
  2 ball python zombies (D)
  2 giant cockroach zombies (D)
  2 leopard gecko skeletons (D)
  2 leopard gecko zombies (D)
  A quokka skeleton (D)
  A quokka zombie (D)
  A spectral quokka (D)
140 creatures vanquished.

Vanquished Creatures (collateral kills)
  3 soul eaters (D)
  A leopard gecko zombie (D)
4 creatures vanquished.

Grand Total: 144 creatures vanquished

Notes
Turn   | Place    | Note
-------+----------+-------------------------------------------
     0 | D        | Found the +6 Majin-Bo {vamp, Archmagi MP+6 Int+6}
     0 | D        | Found the +7 great mace "Firestarter" {inner flame, rF++}
     0 | D        | wilfster70 the Formicid Hunter began the quest for the Orb.
     0 | D        | Reached XP level 1. HP: 16/16 MP: 1/1
    15 | D        | Found a blossoming altar of Fedhas.
    16 | D        | Found a transporter.
    16 | D        | Found a viscous altar of Jiyva.
    16 | D        | Found an ancient bone altar of Kikubaaqudgha.
    16 | D        | Found a hazy altar of Hepliaklqana.
    16 | D        | Found a corrupted altar of Lugonu.
    16 | D        | Found an opulent altar of Gozag.
    16 | D        | Found a burning altar of Makhleb.
    17 | D        | Found a sacrificial altar of Ru.
    17 | D        | Found a stormy altar of Qazlal.
    17 | D        | Found a deep blue altar of Sif Muna.
    17 | D        | Found an iron altar of Okawaru.
    17 | D        | Found a bloodstained altar of Trog.
    17 | D        | Found a sparkling altar of Nemelex Xobeh.
    23 | D        | Found the +9 heavy crossbow "Sniper" {velocity, Acc+∞ SInv}
    23 | D        | Found the +10 dark maul {crush}
    23 | D        | Found the +15 Maxwell's patent armour {-Cast -Tele rElec
                  | MR+ rCorr}
    23 | D        | Found the +18 shield of the Gong {rElec rN+ MR+ EV-5}
    23 | D        | Found the cursed +14 obsidian axe {chop, +Fly SInv *Curse}
    71 | D        | Became a worshipper of Qazlal Stormbringer
    75 | D        | Reached skill level 5 in Crossbows
    75 | D        | Reached XP level 2. HP: 25/25 MP: 1/4
   111 | D        | Entered arena 2.
   111 | D        | Found a transporter.
   112 | D        | Reached XP level 3. HP: 31/31 MP: 4/6
   129 | D        | Entered arena 3.
   129 | D        | Found a transporter.
   130 | D        | Reached * piety under Qazlal
   132 | D        | Reached skill level 5 in Fighting
   132 | D        | Reached skill level 6 in Crossbows
   132 | D        | Reached XP level 4. HP: 39/39 MP: 7/7
   148 | D        | Entered arena 4.
   148 | D        | Noticed a necrophage
   148 | D        | Found a transporter.
   149 | D        | Reached ** piety under Qazlal
   150 | D        | Killed a necrophage
   150 | D        | Reached skill level 7 in Crossbows
   150 | D        | Reached skill level 5 in Armour
   150 | D        | Reached skill level 5 in Shields
   150 | D        | Reached skill level 5 in Invocations
   150 | D        | Reached XP level 5. HP: 46/46 MP: 7/9
   153 | D        | Reached *** piety under Qazlal
   167 | D        | Entered arena 5.
   167 | D        | Noticed a slime creature
   167 | D        | Noticed a slime creature
   167 | D        | Noticed a slime creature
   167 | D        | Found a transporter.
   168 | D        | Reached XP level 6. HP: 52/52 MP: 10/10
   169 | D        | Killed a slime creature
   169 | D        | Reached skill level 9 in Crossbows
   169 | D        | Reached XP level 7. HP: 59/59 MP: 10/12
   170 | D        | Killed a slime creature
   171 | D        | Killed a slime creature
   171 | D        | Reached **** piety under Qazlal
   171 | D        | Reached skill level 10 in Crossbows
   171 | D        | Reached XP level 8. HP: 57/68 MP: 10/14
   183 | D        | Got the amulet of Tempters {Inacc rC+ Int+4 Dex+2 Stlth-}
   224 | D        | Entered arena 6.
   224 | D        | Found a transporter.
   229 | D        | Reached ***** piety under Qazlal
   241 | D        | Got the +5 large shield of Hysteria {Regen+ Str+4 Dex+4}
   273 | D        | Entered arena 7.
   273 | D        | Noticed a brown ugly thing
   273 | D        | Noticed a spiny frog
   273 | D        | Noticed a rime drake
   273 | D        | Noticed a salamander
   275 | D        | Killed a spiny frog
   275 | D        | a rime drake changed into a soldier ant
   275 | D        | Noticed a human
   275 | D        | an eye of draining changed into a human
   279 | D        | Killed a brown ugly thing
   279 | D        | Reached skill level 11 in Crossbows
   279 | D        | Reached XP level 9. HP: 42/76 MP: 2/16
   280 | D        | Noticed a spiny frog
   280 | D        | a golden eye changed into a spiny frog
   281 | D        | Reached skill level 12 in Crossbows
   281 | D        | Noticed an unseen horror
   281 | D        | a salamander changed into an unseen horror
   282 | D        | Killed an unseen horror
   282 | D        | Reached skill level 10 in Fighting
   282 | D        | Reached skill level 10 in Invocations
   283 | D        | Killed a spiny frog
   283 | D        | Reached skill level 13 in Crossbows
   283 | D        | Reached skill level 10 in Armour
   286 | D        | Found a transporter.
   519 | D        | Entered arena 8.
   525 | D        | Reached ****** piety under Qazlal
   525 | D        | Reached XP level 10. HP: 86/86 MP: 18/18
   526 | D        | Found a transporter.
   545 | D        | Entered arena 9.
   545 | D        | Noticed a cyclops
   552 | D        | Killed a cyclops
   553 | D        | Reached skill level 14 in Crossbows
   554 | D        | Found a transporter.
   578 | D        | Got the ring of Sin {rF+ rC+ MR++ Int-5 SInv}
   630 | D        | Entered arena 10.
   630 | D        | Noticed a deep elf knight
   630 | D        | Noticed a yaktaur
   630 | D        | Noticed a guardian serpent
   630 | D        | Noticed a red ugly thing
   630 | D        | Noticed a vault sentinel
   630 | D        | Noticed a yaktaur captain
   630 | D        | Noticed a necromancer
   631 | D        | Killed a necromancer
   633 | D        | Killed a red ugly thing
   633 | D        | Noticed a spiny frog
   633 | D        | an eye of draining changed into a spiny frog
   634 | D        | a spiny frog changed into a black bear
   635 | D        | Killed a yaktaur
   635 | D        | Killed a vault sentinel
   635 | D        | Reached skill level 15 in Crossbows
   635 | D        | Reached XP level 11. HP: 60/95 MP: 10/20
   635 | D        | Killed a yaktaur captain
   636 | D        | Killed a deep elf knight
   640 | D        | Found a transporter.
   773 | D        | Entered arena 11.
   775 | D        | Found a transporter.
   799 | D        | Entered arena 12.
   799 | D        | Noticed a lindwurm
   800 | D        | Reached skill level 1 in Axes
   800 | D        | Reached skill level 1 in Evocations
   800 | D        | Reached skill level 16 in Crossbows
   800 | D        | Killed a lindwurm
   804 | D        | Found a transporter.
   814 | D        | Got the +2 cloak of the Turtle {rN++ Str-4 Int+4}
   825 | D        | Got the Incunabulum of the Foremost Demons
   831 | D        | Entered arena 13.
   832 | D        | Reached XP level 12. HP: 105/105 MP: 17/22
   834 | D        | Found a transporter.
   900 | D        | Entered arena 14.
   900 | D        | Noticed a soul eater
   900 | D        | Noticed a soul eater
   901 | D        | Noticed a soul eater
   901 | D        | Noticed a soul eater
   902 | D        | Noticed a soul eater
   906 | D        | Killed a soul eater
   907 | D        | Found a transporter.
   908 | D        | Killed a soul eater
   908 | D        | Reached skill level 5 in Evocations
   908 | D        | Killed a soul eater
   910 | D        | Killed a soul eater
   910 | D        | Reached skill level 17 in Crossbows
   912 | D        | Killed a soul eater
   912 | D        | Reached skill level 5 in Axes
   932 | D        | Got the Papyrus of Earthen Boosts
   935 | D        | Got the Papyrus of the Scorching Rocks
   974 | D        | Entered arena 15.
   974 | D        | Noticed a storm dragon
   975 | D        | Noticed a storm dragon
   975 | D        | Noticed a spriggan air mage
   975 | D        | Noticed a storm dragon
   976 | D        | Identified the +4 dagger of Amurokke {pierce, rC+}
   976 | D        | Noticed a spriggan air mage
   977 | D        | Killed a storm dragon
   977 | D        | Killed a spriggan air mage
   977 | D        | Reached skill level 15 in Invocations
   977 | D        | Killed a spriggan air mage
   977 | D        | Killed a spriggan air mage
   977 | D        | Killed a storm dragon
   977 | D        | Reached skill level 18 in Crossbows
   978 | D        | Killed a storm dragon
   978 | D        | Reached XP level 13. HP: 105/114 MP: 8/24
   981 | D        | Found a transporter.
   992 | D        | Got the Almanac of Protection and Dark Arts
  1007 | D        | Found the +9 staff of Olgreb {rPois}
  1059 | D        | Entered arena 16.
  1060 | D        | Noticed a ghoul
  1064 | D        | Killed a ghoul
  1066 | D        | Found a transporter.
  1096 | D        | Entered arena 17.
  1096 | D        | Noticed a vampire knight
  1096 | D        | Noticed a vampire knight
  1097 | D        | Killed a vampire knight
  1097 | D        | Killed a vampire knight
  1097 | D        | Reached skill level 15 in Fighting
  1098 | D        | Noticed a vampire knight
  1099 | D        | Noticed a ghoul
  1100 | D        | Noticed a vampire knight
  1100 | D        | Reached skill level 15 in Armour
  1100 | D        | Killed a ghoul
  1100 | D        | Reached skill level 19 in Crossbows
  1100 | D        | Identified the +3 leather armour of Pessimism {Str+4}
  1102 | D        | Killed a vampire knight
  1104 | D        | Reached skill level 10 in Evocations
  1106 | D        | Killed a vampire knight
  1118 | D        | Found a transporter.
  1138 | D        | Got the Collected Works on Curses and Enhancements
  1214 | D        | Entered arena 18.
  1216 | D        | Noticed a death ooze
  1216 | D        | Noticed a great orb of eyes
  1217 | D        | Killed a death ooze
  1217 | D        | Noticed an acid blob
  1218 | D        | Killed a great orb of eyes
  1218 | D        | Reached XP level 14. HP: 124/124 MP: 18/26
  1220 | D        | Killed an acid blob
  1220 | D        | Reached skill level 10 in Axes
  1220 | D        | Noticed an acid blob
  1221 | D        | Reached skill level 20 in Crossbows
  1231 | D        | Splashed by an acid blob's acid

Skill      XL: |  1  2  3  4  5  6  7  8  9 10 11 12 13 14 |
---------------+-------------------------------------------+-----
Fighting       | 4 5 6 8 9 10 12 13 14 15 16 | 16.1
Crossbows      | 5 6 7 9 10 11 13 15 16 18 19 20 | 20.0
Armour         | 3 4 5 6 7 8 10 11 13 14 15 16 | 16.0
Shields        | 3 4 5 6 7 8 9 |  9.0
Invocations    | 3 4 5 6 8 9 11 12 14 15 16 17 | 17.2
Axes           | 3 7 9 10 | 10.3
Evocations     | 4 8 10 | 10.0
Dodging        | |  1.7
Stealth        | |  1.2

Action                   |  1- 3 |  4- 6 |  7- 9 | 10-12 | 13-15 || total
-------------------------+-------+-------+-------+-------+-------++-------
Melee: Executioner's axe |       |       |       |     2 |     4 ||     6
 Fire: Heavy crossbow    |     5 |     8 |    24 |    18 |    16 ||    71
Invok: Disaster Area     |       |       |     1 |     9 |     7 ||    17
       Elemental Force   |       |       |       |     1 |       ||     1
  Use: Potion            |     1 |       |       |       |       ||     1
       Scroll            |       |       |       |     2 |       ||     2
  Eat: Chunk             |       |       |       |       |     1 ||     1
Armor: Gold dragon scale |     8 |     3 |    32 |     5 |    10 ||    58
Dodge: Dodged            |       |       |     3 |       |       ||     3
Block: Shield            |     4 |     9 |    43 |    23 |    17 ||    96
